 Dungeon Crawl Stone Soup version 0.27-a0-1196-g3e9cee4cb2 (webtiles) character file.

Game seed: 9836127021905155340

1201 mordus the Slasher (level 8, -3/43 HPs)
             Began as a Vine Stalker Berserker on May 28, 2021.
             Was a Priest of Trog.
             Shot with an arrow by a centaur (10 damage)
             ... on level 5 of the Dungeon.
             The game lasted 00:12:01 (4449 turns).

mordus the Slasher (Vine Stalker Berserker)         Turns: 4449, Time: 00:12:02

Health: -3/43      AC: 10    Str: 22    XL:     8   Next: 44%
Magic:  0/9        EV: 10    Int:  7    God:    Trog [***...]
Gold:   158        SH:  0    Dex: 14    Spells: 7/7 levels left

rFire    . . .     SeeInvis .   a - +0 falchion
rCold    . . .     Faith    .   (no shield)
rNeg     . . .     Spirit   +   n - +0 scale mail
rPois    .         Reflect  .   e - +1 hat
rElec    .         Harm     .   q - +0 cloak
rCorr    .         Rampage  .   v - +0 pair of gloves
Will     +++..                  (no boots)
Stlth    ..........             (no amulet)
HPRegen  2.14/turn              (no ring)
MPRegen  0.11/turn              (no ring)

@: strong-willed, regenerating
A: fangs 3, regeneration 1, magic shield, antimagic bite, no potion heal 2
a: Renounce Religion, Berserk, Trog's Hand


You were on level 5 of the Dungeon.
You worshipped Trog.
Trog was most pleased with you.
You visited 1 branch of the dungeon, and saw 5 of its levels.

You collected 158 gold pieces.

Inventory:

Hand Weapons
 a - a +0 falchion (weapon)
Missiles
 w - 16 poisoned darts
 B - 2 throwing nets
Armour
 b - a +0 animal skin
 e - a +1 hat (worn)
 n - a +0 scale mail (worn)
 q - a +0 cloak (worn)
 v - a +0 pair of gloves (worn)
 A - a scarf of shadows
Jewellery
 o - an amulet of guardian spirit
 y - an amulet of regeneration
Wands
 x - a wand of paralysis (8)
Scrolls
 f - a scroll of enchant armour {unknown}
 j - 5 scrolls of identify {unknown}
 k - 4 scrolls of teleportation {unknown}
 l - a scroll of amnesia {unknown}
 m - 2 scrolls of vulnerability {unknown}
 s - a scroll of magic mapping {unknown}
 t - a scroll of noise {unknown}
 z - a scroll of summoning {unknown}
Potions
 c - a potion of cancellation {unknown}
 d - a potion of flight {unknown}
 g - a potion of ambrosia {unknown}
 h - a potion of curing
 i - 3 potions of haste {unknown}
 p - a potion of heal wounds {unknown}
 r - 2 potions of attraction {unknown}
 u - a potion of invisibility {unknown}


   Skills:
 + Level 5.2 Fighting
 * Level 6.9 Long Blades
 + Level 4.3 Armour
 - Level 1.5 Dodging


You had 7 spell levels left.
You didn't know any spells.
Your spell library contained the following spells:

 Spells                   Type           Power      Damage    Failure   Level
 Animate Skeleton         Necr           0%         N/A       75%         1
 Magic Dart               Conj           0%         1d3       75%         1
 Pain                     Necr           0%         1d4       75%         1
 Sandblast                Erth           0%         2d4       75%         1
 Blink                    Tloc           N/A        N/A       87%         2
 Call Imp                 Summ           0%         N/A       87%         2
 Passwall                 Tmut/Erth      0%         N/A       87%         2
 Slow                     Hex            0%         N/A       87%         2
 Conjure Flame            Conj/Fire      0%         6-21      98%         3
 Mephitic Cloud           Conj/Pois/Air  0%         N/A       98%         3
 Stone Arrow              Conj/Erth      0%         3d7       98%         3
 Vampiric Draining        Necr           0%         2d6       98%         3
 Animate Dead             Necr           0%         N/A       100%        4
 Petrify                  Tmut/Erth      0%         N/A       100%        4
 Agony                    Necr           0%         N/A       100%        5
 Lee's Rapid Deconstruct  Erth           0%         3d5*      100%        5


Dungeon Overview and Level Annotations

Branches:
Dungeon (5/15)
 Temple: D:4-7

Altars:
Ashenzari
Fedhas
Nemelex Xobeh


Innate Abilities, Weirdness & Mutations

You have razor-sharp teeth.
Your natural rate of healing is unusually fast.
When hurt, damage is shared between your health and your magic reserves.
Your bite disrupts and absorbs the magic of your enemies.
Potions cannot restore your health.


Message History

The centaur shouts!
You hear a howl!
The centaur wields a +0 shortbow.
The centaur shoots an arrow.
The arrow hits you.
The centaur shoots an arrow.
The arrow hits you.
Things that are here:
a +0 spear; a gnoll corpse The gnoll shaman calls upon its god to speed up the gnoll.
The gnoll seems to speed up.
The centaur shoots an arrow.
The arrow hits you!
The gnoll throws a boomerang.
The boomerang hits you.
You see here 10 stones.
A wolf comes into view.
The wolf howls!
You hear a shout!
The centaur shoots an arrow.
The arrow hits you.
The gnoll throws a boomerang.
The boomerang barely misses you.
The centaur shoots an arrow.
The arrow hits you! The gnoll sergeant misses you.
The gnoll shaman calls upon its god to speed up the gnoll.
The gnoll seems to speed up.
The centaur shoots an arrow.
The arrow hits you but does no damage. The gnoll sergeant barely misses you.
You hear a shout!
You see here 10 stones.
The centaur shoots an arrow.
The arrow hits you!
* * * LOW HITPOINT WARNING * * *
The gnoll sergeant hits you but does no damage.
Things that are here:
a +0 spear; a gnoll corpse The gnoll sergeant hits you but does no damage.
The gnoll throws a boomerang.
The boomerang hits you but does no damage.
The gnoll hits you from afar with a +0 spear.
* * * LOW HITPOINT WARNING * * *
The centaur shoots an arrow.
The arrow barely misses you.
The gnoll sergeant hits you from afar with a +0 spear!
* * * LOW HITPOINT WARNING * * *
The gnoll hits you but does no damage.
You hear a bark!
You see here 17 bolts.
Your skin crawls.
You feel strong-willed.
The centaur shoots an arrow.
The arrow hits you!
You die...

#...≈......
#..........
#......c...
#.......# #...≈h.#
#...≈.# ###(≈.##
#)≈gg## #. #
#@≈gg.##... ...##
#)≈g......# ....
#.≈g.....# #...
#.≈......## ##...
#.≈≈......####..≈≈
#..≈≈≈≈≈...##g.≈≈.
##.....≈≈...hgg≈..
##.....≈≈≈≈≈≈≈≈..
#.###...........


You could see a gnoll sergeant (fast), a wolf, a centaur, a gnoll shaman and 4
gnolls.

Vanquished Creatures
  Grinder (D:3)
  Sigmund (D:2)
  A sky beast (D:5)
  2 ogres (D:4)
  A kobold brigand (D:4)
  A water moccasin zombie (D:4)
  2 hounds (D:5)
  Crazy Yiuf (D:3)
  A jelly (D:4)
  Terence (D:3)
  An iguana (D:5)
  Natasha (thrice) (D:2)
  5 adders
  11 gnolls
  A howler monkey skeleton (D:4)
  A worm (D:4)
  2 dart slugs
  5 orcs
  3 endoplasms
  2 giant cockroaches
  4 hobgoblins
  10 jackals
  5 quokkas
  5 ball pythons
  2 bats
  3 frilled lizards
  10 goblins
  12 kobolds
  5 rats
102 creatures vanquished.

Vanquished Creatures (others)
  5 plants (D:2)
5 creatures vanquished.

Grand Total: 107 creatures vanquished

Notes
Turn   | Place    | Note
-------+----------+-------------------------------------------
     0 | D:1      | mordus the Vine Stalker Berserker began the quest for the
                  | Orb.
     0 | D:1      | Reached XP level 1. HP: 11/11 MP: 2/2
   859 | D:1      | Reached XP level 2. HP: 15/16 MP: 3/3
   936 | D:1      | Found a faded altar of an unknown god.
  1001 | D:1      | Reached skill level 3 in Long Blades
  1529 | D:2      | Noticed Natasha
  1536 | D:2      | Killed Natasha
  1537 | D:2      | Reached XP level 3. HP: 5/20 MP: 0/4
  1827 | D:2      | Noticed Natasha
  1834 | D:2      | Killed Natasha
  1835 | D:2      | Gained mutation: Your natural rate of healing is unusually
                  | fast. [Vine Stalker growth]
  1835 | D:2      | Reached XP level 4. HP: 24/24 MP: 5/5
  1984 | D:2      | Noticed Sigmund
  1993 | D:2      | Killed Sigmund
  1994 | D:2      | Reached skill level 4 in Long Blades
  1994 | D:2      | Reached XP level 5. HP: 29/29 MP: 3/6
  2033 | D:2      | Noticed Natasha
  2044 | D:2      | Killed Natasha
  2045 | D:2      | Reached XP level 6. HP: 33/33 MP: 4/7
  2659 | D:3      | Reached ** piety under Trog
  2696 | D:3      | Found a blossoming altar of Fedhas.
  2696 | D:3      | Found a sparkling altar of Nemelex Xobeh.
  2948 | D:3      | Noticed Terence
  2967 | D:3      | Killed Terence
  2968 | D:3      | Reached skill level 5 in Long Blades
  3057 | D:3      | Noticed Grinder
  3079 | D:3      | Killed Grinder
  3080 | D:3      | Reached XP level 7. HP: 19/37 MP: 5/8
  3304 | D:3      | Found a runed translucent door.
  3305 | D:3      | Noticed Crazy Yiuf
  3314 | D:3      | Killed Crazy Yiuf
  3662 | D:4      | Found a broken altar of Ashenzari.
  3688 | D:4      | Reached skill level 6 in Long Blades
  3809 | D:4      | Gained mutation: You have razor-sharp teeth. [Vine Stalker
                  | growth]
  3809 | D:4      | Reached XP level 8. HP: 40/42 MP: 7/9
  4047 | D:4      | Reached *** piety under Trog
  4213 | D:5      | Entered Level 5 of the Dungeon
  4242 | D:5      | Reached skill level 5 in Fighting
  4449 | D:5      | Shot with an arrow by a centaur

Illustrated notes

Levels and vault maps discovered:
D:1:      roderic_chinese_lattice_arrival, layout_loops_corners,
          shapermc_ecumenical_altar_mp_highgroup, minmay_misc_feat_columns,
          minmay_statues_item
D:2:      cheibrodos_old_hovel, layout_loops_corners, minmay_fractal_squares_5,
          uniq_sigmund, uniq_natasha
D:3:      layout_basic, grunt_temple_overflow_open, st_stairs_2, uniq_grinder,
          uniq_terence, uniq_crazy_yiuf_cottage
D:4:      cheibrodos_thug_alley, layout_cave_pools, evilmike_ruin_ashenzari,
          lemuel_flame_loot_1
D:5:      layout_cave_pools, gammafunk_temple_overflow_claw,
          ebering_ghost_rock_garden, serial_gnoll_camp, gnoll_camp_mini_house,
          gnoll_camp_mini_hut, gnoll_camp_mini_hut, gnoll_camp_huts_moat,
          minmay_misc_feat_iff, uniq_menkaure

Skill      XL: |  1  2  3  4  5  6  7  8 |
---------------+-------------------------+-----
Long Blades    | 3 4 5 6 |  6.9
Fighting       | 3 4 5 |  5.2
Armour         | 2 3 4 |  4.3
Dodging        | |  1.5

Action                   |  1- 3 |  4- 6 |  7- 9 || total
-------------------------+-------+-------+-------++-------
Melee: Falchion          |    44 |    87 |   122 ||   253
       Bite              |    13 |    32 |    55 ||   100
Invok: Berserk           |     2 |     2 |     2 ||     6
       Trog's Hand       |       |     1 |     3 ||     4
 Stab: Sleeping          |     1 |     2 |       ||     3
Armor: Animal skin       |     9 |     8 |       ||    17
       Scale mail        |       |     8 |    56 ||    64
Dodge: Dodged            |    21 |    53 |    91 ||   165
       Rpst.: Falchion   |     5 |    25 |    19 ||    49

Table legend: (Time is in decaauts)
 A = Elapsed time spent in this place.
 B = Non-inter-level travel time spent in this place.
 C = Inter-level travel time spent in this place.
 D = Time resting spent in this place.
 E = Time spent auto-exploring this place.
 F = Levels seen in this place.
 G = Mean time per level.
                   A        B        C        D        E       F      G
               +--------+--------+--------+--------+--------+-----+--------+
         Total |   4522 |   4351 |    171 |    619 |   2843 |   5 |  904.4 |
       Dungeon |   4522 |   4351 |    171 |    619 |   2843 |   5 |  904.4 |
               +--------+--------+--------+--------+--------+-----+--------+

Top non-repeatable levels by time:
     D:1: 1443 daAuts
     D:2: 1250 daAuts
     D:3: 838 daAuts
     D:4: 755 daAuts
     D:5: 234 daAuts
